Oof, lawful male human Archeologist ------ ----- ---------- ----- |.....############ |.{..# #.........| -------- |....######|....| # |...|# #|........-#######(-@.)?=*| |..%| #|.....############## |...|#############.........| |.?[@!?| |...| #---.-- ## |...-# # |........| |.%m.)%| |...+# ############ ###...<|# ### |........| |.=?!?%| |>..|# # # #|...| # |........| |.%+%?]| ---+-# ### ### #---.- ### --------.- -------- ### # # ##### # ## ## # ### ### ### # ### # # #### # ### ## # ### # ###`### # ############### # -.--|-## ### # -|-------.- ### |....+## # ###|.........| # |....|### # ######## #..........| ###|....-####-+--.------ |`........| #-....| `#..........| ----------- ------ |.........| ----------- Oof the Field Worker Experience level: 3 Strength: 15 Dexterity: 11 Constitution: 12 Intelligence: 12 Wisdom: 18 Charisma: 8 Health: 0(25) Energy: 15(15) Def: 8 Gold: 0 Moves: 1368 Dungeon seed: PaZABRC06OHXkF3e Game ID: Oof_1615806146 Your Inventory: Weapons a - a blessed +2 bullwhip (weapon in hand) Armor n - an uncursed +0 fedora (being worn) r - an uncursed +1 dwarvish cloak (being worn) y - an uncursed +0 plate mail (being worn) Comestibles b - 2 uncursed food rations Tools d - a tinning kit (0:64) f - an uncursed sack h - an uncursed magic whistle o - an uncursed skeleton key Gems q - an uncursed touchstone Spells and supernatural/magical abilities: Name Level Category Fail Memory W - pray for help -- divine ? -- Your skills at the end: Fighting Skills Weapon Skills pick-axe [Basic] whip [Basic] Spellcasting Skills Final Attributes: You were piously aligned. You were stealthy. You were held by a large mimic. You were fast. You are dead. Vanquished creatures: 4 giant rats a cave spider a yellow mold a gecko 7 jackals a kobold a goblin a sewer rat 2 grid bugs 2 bats a lichen 2 newts 24 creatures vanquished. Voluntary challenges: You followed a strict vegan diet. You were an atheist. You used a wielded weapon 44 times, starting on turn 47. You read items or engraved 2 times, starting on turn 123. You never genocided any monsters. You never polymorphed an object. You never changed form. You used no wishes. You never split a pudding. You never wrote Elbereth's name. You never violated your personal moral code. Dungeon overview: The Dungeons of Doom: levels 1 to 3 Level 1 a long staircase Level 2 a long staircase Level 3 <- You were here a general store, a fountain History has recorded: On T:1 you entered the Dungeons of Doom to retrieve the Amulet of Yendor! On T:591 you reached level 2 of The Dungeons of Doom. On T:675 you advanced to experience level 2. On T:961 you reached level 3 of The Dungeons of Doom. On T:975 you advanced to experience level 3. Score breakdown: Gold: 0 ( 0 points) Experience: 3 levels ( 7878 points) Exploration: 3 levels ( 5.77%) ( 5940 points) Discoveries: 2 items ( 0.67%) ( 2457 points) Valuables value: (no points given unless you survive) Artifact value: 0 ( 0 points) Variety of kills: 12 monsters ( 3.15%) ( 5324 points) Turncount: 1368 turns ( 0 points) Survival: died (score multiplied by 80%) Total score: 17279 Latest messages: You see here a black onyx ring (266 zorkmids). You see here a scroll of light (66 zorkmids). You see here a credit card (13 zorkmids). Wait! That's a large mimic! The large mimic hits! You miss the large mimic. You hit the large mimic. You miss the large mimic. You hit the large mimic. (2x) You miss the large mimic. The large mimic hits! You hit the large mimic. (2x) You miss the large mimic. You pull free from the large mimic. You see here a crossbow (66 zorkmids). You hit the large mimic. You miss the large mimic. You hit the large mimic. You miss the large mimic. You hit the large mimic. (2x) You see here a credit card (13 zorkmids). You hit the large mimic. (4x) The large mimic hits! You die... Possogroenoe comes and takes all your possessions. The sack is empty. The sack is empty. Final status: Goodbye Oof the Archeologist, killed by a large mimic... You died in The Dungeons of Doom on dungeon level 3 with 17279 points, and 0 pieces of gold, after 1368 moves. You were level 3 with a maximum of 25 hit points when you died.